 Dungeon Crawl Stone Soup version 0.29-a0-284-gf9362112df (webtiles) character file.

Game seed: 5493094625451016781

17370 spaghetti the Timeless (level 12, -2/174 HPs)
             Began as a Naga Earth Elementalist on Mar 23, 2022.
             Was a High Priest of Cheibriados.
             Slain by a yak (12 damage)
             ... on level 2 of the Lair of Beasts.
             The game lasted 00:25:42 (11567 turns).

spaghetti the Timeless (Naga Earth Elementalist)   Turns: 11567, Time: 00:25:43

Health: -2/174     AC:  8    Str: 26    XL:     12   Next: 47%
Magic:  6/24       EV: 10    Int: 34    God:    Cheibriados [*****.]
Gold:   983        SH:  0    Dex: 25    Spells: 12/18 levels left

rFire   . . .      SeeInvis +   J - +3 whip (elec) {mace}
rCold   + + .      Faith    .   (no shield)
rNeg    . . .      Spirit   .   k - +2 robe "Liorhiot" {rC+ Stlth+}
rPois   +          Reflect  .   (helmet restricted)
rElec   .          Harm     .   (no cloak)
rCorr   .          Rampage  .   n - +0 pair of gloves
Will    +....                   (no barding)
Stlth   ..........              h - amulet of magic regeneration {@e2}
HPRegen 0.39/turn               t - ring of wizardry
MPRegen 0.59/turn               (no ring)

@: berserking, very slow
A: AC +4, large, see invisible, deformed body, poison resistance, slowness 2,
spit poison 1, naga tail 1, horns 1, cold resistance 1
a: Spit Poison, Renounce Religion, Bend Time, Temporal Distortion, Slouch, Step
From Time


You were on level 2 of the Lair of Beasts.
You worshipped Cheibriados.
Cheibriados was extremely pleased with you.
You visited 2 branches of the dungeon, and saw 11 of its levels.
You also visited: Sewer.

You collected 1029 gold pieces.
You spent 46 gold pieces at shops.


Innate Abilities, Weirdness & Mutations

Your serpentine skin is tough. (AC +4)
You have supernaturally acute eyesight. (SInv)
Armour fits poorly on your strangely shaped body.
Your system is resistant to poisons. (rPois)
You cover ground very slowly.
You can spit poison.
You have a snake-like lower body.
You have a pair of small horns on your head.
Your flesh is cold resistant. (rC+)


   Skills:
 - Level 10.1 Fighting
 - Level 1.5 Dodging
 - Level 3.7 Stealth
 - Level 3.7 Spellcasting
 - Level 4.0 Conjurations
 - Level 1.0 Transmutations
 - Level 8.0 Earth Magic
 + Level 16.4 Invocations


You had 12 spell levels left.
You knew the following spells:

 Your Spells              Type           Power      Damage    Failure   Level
a - Sandblast             Erth           100%       2d20      1%          1
b - Passwall              Tmut/Erth      30%        N/A       1%          2
c - Stone Arrow           Conj/Erth      94%        3d12      1%          3

Your spell library contained the following spells:

 Spells                   Type           Power      Damage    Failure   Level
 Beastly Appendage        Tmut           26%        N/A       1%          1
 Slow                     Hex            24%        N/A       1%          1
 Corpse Rot               Necr/Air       12%        N/A       3%          2
 Poisonous Vapours        Pois/Air       12%        N/A       3%          2
 Petrify                  Tmut/Erth      37%        N/A       3%          4
 Ignite Poison            Fire/Tmut/Pois 8%         N/A       5%          3
 Confusing Touch          Hex            6%         N/A       6%          3
 Vampiric Draining        Necr           6%         2d6       6%          3

Inventory:

Hand Weapons
 J - a +3 whip of electrocution (weapon) {mace}
   (You took it off a kobold on level 8 of the Dungeon)
Missiles
 a - 220 stones {throwing}
 v - 5 boomerangs {throwing}
 z - 4 silver javelins {throwing}
 C - 17 poisoned darts {throwing}
Armour
 b - a +0 robe
 e - a +0 kite shield of poison resistance
   (You found it on level 4 of the Dungeon)
 k - the +2 robe "Liorhiot" (worn) {rC+ Stlth+}
   (You found it on level 2 of the Dungeon)

   rC:        It protects you from cold.
   Stlth:     It makes you more stealthy.
 n - a +0 pair of gloves (worn)
   (You found it on level 2 of the Dungeon)
Magical Staves
 G - a staff of death {!astaff}
   (You found it on level 8 of the Dungeon)
Jewellery
 h - an amulet of magic regeneration (around neck) {@e2}
   (You found it on level 1 of the Dungeon)
 r - a ring of ice
   (You found it on level 3 of the Dungeon)
 t - a ring of wizardry (left hand)
   (You found it on level 4 of the Dungeon)
 x - an amulet of the acrobat
   (You found it on level 1 of the Lair of Beasts)
 y - a ring of magical power
   (You found it on level 1 of the Lair of Beasts)
 D - an amulet of guardian spirit
   (You found it on level 8 of the Dungeon)
Wands
 A - a wand of acid (4)
   (You found it on level 5 of the Dungeon)
 E - a wand of flame (23)
   (You found it on level 8 of the Dungeon)
Scrolls
 g - 2 scrolls of amnesia
 j - 4 scrolls of fog
 l - 7 scrolls of teleportation {@r4}
 m - a scroll of brand weapon
 q - 4 scrolls of magic mapping {!r}
 B - 2 scrolls of enchant armour
 F - a scroll of vulnerability {!r!r}
 H - a scroll of silence {!r}
Potions
 c - 2 potions of magic
 d - a potion of heal wounds {@q2}
 i - 2 potions of resistance
 o - 4 potions of attraction {!q}
 p - 6 potions of curing {@q1}
 s - a potion of flight
 u - a potion of cancellation {unknown}
 w - a potion of haste {forbidden@q3}
 I - a potion of lignification {unknown}
 L - a potion of mutation {!q}

Dungeon Overview and Level Annotations

Branches:
Dungeon (9/15)               Lair (2/6) D:9             Orc (0/2) D:9
  Sewer (visited)
 Temple: D:4-7        Swamp: Lair:2-4    Shoals: Lair:2-4     Snake: Lair:2-4
 Spider: Lair:2-4

Altars:
Cheibriados
Dithmenos
Fedhas
Nemelex Xobeh
Okawaru
Qazlal
Sif Muna
Uskayaw
Vehumet
Wu Jian
Xom

Shops:
D:3 ( D:4

*
♣♣≈≈≈≈..≈.#..#
#.......#
#P≈≈..###.##..
#.......#
#####.....#..##
#####.###
####..##.# #..#
##.##.# .....
#..#..## ....
##.....### .#.#
#.<......## #
#..@Y.....#
#.†FY....##
#.......#.#
#.#...###..#
#......# #.#
##...... ..#
....... .
##.#<...


You could see 2 yaks and a cane toad.


Message History

There are monsters nearby!
There are no items here.
A yak comes into view.
The yak bellows!
The stone arrow hits the yak!
The yak bellows! x3 😎 MP[-2]
You lost 2 mp, and now have 22/24 mp.
The stone arrow hits the yak!!
The yak bellows!
A cane toad comes into view. 😎 MP[-3]
You lost 3 mp, and now have 19/24 mp.
The stone arrow misses the yak.
The stone arrow hits the yak!!
The yak closely misses you. 😎 MP[-2]
You lost 2 mp, and now have 17/24 mp.
The stone arrow hits the yak!
You kill the yak!
Cheibriados appreciates the change of pace. 😎 MP[-3]
You lost 3 mp, and now have 14/24 mp.
The stone arrow hits the yak!!
You kill the yak!
Cheibriados appreciates the change of pace. 😎 MP[-2]
You lost 2 mp, and now have 12/24 mp.
The stone arrow hits the yak!
The yak gores you!
The yak closely misses you. 😕 HP[-9] MP[-2]
You take 9 damage, and now have 107/116 hp.
You lost 2 mp, and now have 10/24 mp.
The stone arrow hits the yak!
The yak closely misses you. 😕 MP[-3]
You lost 3 mp, and now have 7/24 mp.
The stone arrow hits the yak!!
You kill the yak!
Cheibriados thoroughly appreciates the change of pace.
The yak gores you. The yak completely misses you.
The cane toad barely misses you. 😕 HP[-2] MP[-2]
You take 2 damage, and now have 105/116 hp.
You lost 2 mp, and now have 5/24 mp.
The stone arrow hits the yak!
The yak closely misses you.
The yak gores you but does no damage. x2
The cane toad stings you but does no damage. 😕 MP[-3]
You lost 3 mp, and now have 2/24 mp.
You don't have enough magic to cast this spell.
You hit the yak. The yak completely misses you. The yak gores you.
The yak gores you!
The cane toad stings you!! 😮 HP[-32] MP[+1]
You take 32 damage, and now have 73/116 hp.
MASSIVE DAMAGE!! (PAUSE)
You don't have enough magic at the moment.
Really quaff
f - a potion of berserk rage {!q}?
A red film seems to cover your vision as you go berserk!
Cheibriados forces you to slow down.
You feel mighty!
The yak gores you. x2; The yak gores you!
The cane toad stings you.
* * * LOW HITPOINT WARNING * * *
😨 HP[+12] MP[+1]
You now have 174 max hp (+58).
You regained 12 hp, and now have 85/174 hp.
You hit the yak. Lightning courses through the yak!
The cane toad barely misses you. The yak gores you but does no damage.
The yak misses you. The yak gores you but does no damage.
The cane toad stings you!
* * * LOW HITPOINT WARNING * * *
😨 HP[-15]
You take 15 damage, and now have 70/174 hp.
You barely miss the yak. The yak gores you but does no damage.
The yak gores you.
* * * LOW HITPOINT WARNING * * *
The yak gores you but does no damage. The cane toad stings you!
* * * LOW HITPOINT WARNING * * *
The yak barely misses you. The yak gores you but does no damage.
The yak gores you.
* * * LOW HITPOINT WARNING * * *
😨 HP[-23] MP[+1]
You take 23 damage, and now have 47/174 hp.
Unknown command.
You thrash the yak!!
You kill the yak!
Cheibriados thoroughly appreciates the change of pace.
The cane toad stings you!
* * * LOW HITPOINT WARNING * * *
The yak gores you!
* * * LOW HITPOINT WARNING * * *
The yak gores you!
* * * LOW HITPOINT WARNING * * *
😱 HP[-37] MP[+1]
You take 37 damage, and now have 10/174 hp.
MASSIVE DAMAGE!! (PAUSE)
You are too berserk!
You are too berserk!
Unknown command.
You closely miss the yak. You headbutt the yak!
The cane toad barely misses you. The yak gores you but does no damage.
The yak gores you!
You die...

Skill      XL: |  1  2  3  4  5  6  7  8  9 10 11 12 |
---------------+-------------------------------------+-----
Earth Magic    | 4 5 6 7 8 |  8.0
Spellcasting   | 3 |  3.7
Invocations    | 4 8 12 14 16 | 16.4
Conjurations   | 2 3 4 |  4.0
Fighting       | 10 | 10.1
Dodging        | |  1.5
Stealth        | |  3.7
Transmutations | |  1.0

Action                   |  1- 3 |  4- 6 |  7- 9 | 10-12 || total
-------------------------+-------+-------+-------+-------++-------
Melee: Short sword       |     4 |    23 |       |       ||    27
       Dagger            |       |    20 |    34 |       ||    54
       Punch             |       |     1 |       |       ||     1
       Headbutt          |       |       |     8 |     7 ||    15
       Whip              |       |       |       |    25 ||    25
 Cast: Sandblast         |    33 |    40 |       |     1 ||    74
       Stone Arrow       |       |    32 |   127 |   199 ||   358
Invok: Slouch            |       |       |     2 |     3 ||     5
       Temporal Distorti |       |       |       |     2 ||     2
 Abil: Spit Poison       |    12 |     9 |    16 |    13 ||    50
  Use: Scroll            |       |    10 |     4 |     6 ||    20
       Potion            |       |     3 |     3 |     7 ||    13
Armor: Robe              |     2 |    33 |    12 |    43 ||    90
Dodge: Dodged            |     9 |    40 |    39 |    63 ||   151

Levels and vault maps discovered:
D:1:      psy_arrival_radial02, layout_loops_ring, minmay_worlds_worst_comb
D:2:      layout_loops_ring, ebering_ecumenical_altar_abandoned, st_stairs_13,
          kennysheep_jessica_study, uniq_natasha, uniq_jessica
D:3:      layout_basic, grunt_dithmenos_smoke_and_mirrors,
          nicolae_uskayaw_dance_hall, cheibrodos_sewer_entry_sluice,
          serial_shops, nicolae_shop_bloodbath_and_beyond
D:4:      layout_loops_ring, temple_pool_b, serial_shops, shop,
          uniq_blork_the_orc
D:5:      layout_basic, chequers_temple_overflow_statue_of_worship,
          amcnicky_mini_pool_small
D:6:      layout_rooms, uniq_grinder
D:7:      layout_cave_pools, mainiacjoe_overflow_boulevard, enter_bailey_3
D:8:      layout_gridville, nicolae_wu_jian_glorious_leap
D:9:      layout_basic, grunt_temple_overflow_forces_of_nature,
          lemuel_tele_altar, due_lair_maze_entry_diamond, orc_0_dummy,
          dk_noncrumbling_4
Lair:1:   layout_gridlike, minmay_shattered_shrine
Lair:2:   layout_loops_ring, elwin_shoals_entry_rooms, serial_rivers,
          chequers_serial_rivers_small_3, chequers_serial_rivers_room_a,
          chequers_serial_rivers_micro_c, chequers_serial_rivers_large_b,
          chequers_serial_rivers_micro_a, chequers_serial_rivers_marsh

Notes
Turn   | Place    | Note
-------+----------+-------------------------------------------
     0 | D:1      | spaghetti the Naga Earth Elementalist began the quest for
                  | the Orb.
     0 | D:1      | Reached XP level 1. HP: 15/15 MP: 3/3
     0 | D:1      | magus.rc [v1.9.6]
   232 | D:1      | Reached XP level 2. HP: 22/22 MP: 3/5
   589 | D:1      | Reached skill level 4 in Earth Magic
   665 | D:1      | Reached XP level 3. HP: 24/28 MP: 4/6
  1197 | D:2      | Found a faded altar of an unknown god.
  1214 | D:2      | Prayed at the altar of an unknown god.
  1214 | D:2      | Became a worshipper of Cheibriados the Contemplative
  1214 | D:2      | Reached * piety under Cheibriados
  1345 | D:2      | Reached XP level 4. HP: 36/36 MP: 5/7
  1349 | D:2      | Reached skill level 5 in Earth Magic
  1455 | D:2      | Noticed Natasha
  1461 | D:2      | Killed Natasha
  1548 | D:2      | Reached XP level 5. HP: 35/42 MP: 4/8
  1685 | D:2      | Noticed Jessica
  1688 | D:2      | Killed Jessica
  1761 | D:2      | Noticed Natasha
  1762 | D:2      | Identified a scroll of acquirement
  1765 | D:2      | Acquired 444 gold pieces
  1770 | D:2      | Killed Natasha
  1771 | D:2      | Reached skill level 6 in Earth Magic
  1776 | D:2      | Reached ** piety under Cheibriados
  1806 | D:2      | Noticed Natasha
  1811 | D:2      | Killed Natasha
  2005 | D:2      | Reached XP level 6. HP: 47/49 MP: 7/9
  2076 | D:2      | Identified the +2 robe "Liorhiot" {rC+ Stlth+}
  2091 | D:2      | Learned a level 2 spell: Passwall
  2095 | D:2      | Learned a level 3 spell: Stone Arrow
  2175 | D:3      | Found a glowing drain.
  2187 | Sewer    | Entered a sewer
  2573 | D:3      | Found Lome's Weapon Boutique.
  2711 | D:3      | Reached *** piety under Cheibriados
  2745 | D:3      | Found a hide-covered altar of Uskayaw.
  2995 | D:3      | Found a shadowy altar of Dithmenos.
  3705 | D:4      | Reached skill level 3 in Spellcasting
  3807 | D:4      | Found Enifaf's Assorted Antiques.
  3816 | D:4      | Bought a scroll of identify for 46 gold pieces
  3818 | D:4      | Gained mutation: You are frail. (-10% HP) [potion of
                  | mutation]
  3819 | D:4      | Lost mutation: You are frail. (-10% HP) [potion of
                  | mutation]
  3819 | D:4      | Gained mutation: Your flesh is cold resistant. (rC+)
                  | [potion of mutation]
  3819 | D:4      | Gained mutation: You have a pair of small horns on your
                  | head. [potion of mutation]
  3831 | D:4      | Reached **** piety under Cheibriados
  3832 | D:4      | Reached XP level 7. HP: 53/55 MP: 2/12
  3862 | D:4      | Reached skill level 1 in Invocations
  3902 | D:4      | You add the spells Beastly Appendage, Poisonous Vapours and
                  | Ignite Poison to your library.
  3902 | D:4      | Got Poqetuof's Reference Book on Changing and Envenoming
  3974 | D:4      | You fall into a shaft and drop 2 floors!
  3978 | D:6      | Reached skill level 2 in Invocations
  4081 | D:6      | Reached skill level 1 in Conjurations
  4084 | D:6      | Noticed Grinder
  4101 | D:6      | Killed Grinder
  4102 | D:6      | Reached skill level 7 in Earth Magic
  4102 | D:6      | Reached skill level 3 in Invocations
  4106 | D:6      | Reached skill level 2 in Conjurations
  4106 | D:6      | Reached skill level 4 in Invocations
  4106 | D:6      | Reached XP level 8. HP: 53/62 MP: 0/13
  4285 | D:6      | Reached skill level 5 in Invocations
  4345 | D:6      | Reached skill level 3 in Conjurations
  4504 | D:5      | Entered Level 5 of the Dungeon
  4522 | D:5      | Reached skill level 6 in Invocations
  4595 | D:5      | Reached ***** piety under Cheibriados
  4687 | D:5      | Reached skill level 7 in Invocations
  4834 | D:5      | Found a radiant altar of Vehumet.
  4834 | D:5      | Found an iron altar of Okawaru.
  4834 | D:5      | Found a sparkling altar of Nemelex Xobeh.
  5004 | D:5      | Reached skill level 8 in Invocations
  5004 | D:5      | Reached XP level 9. HP: 68/68 MP: 6/15
  5134 | D:7      | You pick up a book of Debilitation and begin reading...
  5134 | D:7      | You add the spells Slow, Vampiric Draining and Confusing
                  | Touch to your library.
  5253 | D:7      | Found a shimmering blue altar of Sif Muna.
  5309 | D:7      | Reached skill level 9 in Invocations
  5708 | D:8      | Reached skill level 10 in Invocations
  5826 | D:8      | Noticed a two-headed ogre
  5833 | D:8      | Killed a two-headed ogre
  5834 | D:8      | Reached skill level 11 in Invocations
  6327 | D:9      | Reached skill level 12 in Invocations
  6327 | D:9      | Reached XP level 10. HP: 66/75 MP: 7/19
  6608 | D:8      | You pick up a book of Vapours and begin reading...
  6868 | D:8      | Found an ornate altar of the Wu Jian Council.
  7219 | D:8      | HP: 7/75 [very large slime creature (43)]
  7219 | D:8      | HP: 1/75 [slime creature (6)]
  7223 | D:8      | Identified a potion of experience
  7223 | D:8      | Reached skill level 10 in Fighting
  7223 | D:8      | Reached XP level 11. HP: 47/108 MP: 1/20
  7563 | D:9      | Reached skill level 13 in Invocations
  7577 | D:9      | Found a staircase to the Orcish Mines.
  7577 | D:9      | Found a stormy altar of Qazlal.
  7588 | D:9      | Found a blossoming altar of Fedhas.
  7887 | D:9      | Found a staircase to the Lair.
  8521 | D:9      | Found a shimmering altar of Xom.
  8761 | D:9      | Reached skill level 14 in Invocations
  8895 | Lair:1   | Entered Level 1 of the Lair of Beasts
  8954 | Lair:1   | Noticed a six-headed hydra
  8962 | Lair:1   | Killed a six-headed hydra
  9309 | Lair:1   | Reached skill level 4 in Conjurations
  9547 | Lair:1   | Reached skill level 8 in Earth Magic
  9909 | Lair:1   | Reached ****** piety under Cheibriados
 10486 | Lair:2   | Reached XP level 12. HP: 116/116 MP: 14/23
 10610 | Lair:2   | Reached skill level 15 in Invocations
 10752 | Lair:2   | Noticed a boulder beetle
 10775 | Lair:2   | Killed a boulder beetle
 11125 | Lair:2   | Reached skill level 16 in Invocations
 11566 | Lair:2   | HP: 36/174 [cane toad (12)]
 11566 | Lair:2   | HP: 10/174 [yak (13)]
 11567 | Lair:2   | Slain by a yak

Vanquished Creatures
  A hydra (Lair:1)
  A boulder beetle (Lair:2)
  A two-headed ogre (D:8)
  2 cane toads (Lair:1)
  5 komodo dragons
  A rime drake (Lair:2)
  A polar bear (Lair:1)
  A troll (D:9)
  A slime creature (D:8)
  Grinder (D:6)
  10 blink frogs (Lair:2)
  A vampire (D:9)
  7 yaks
  A basilisk (Lair:2)
  A steam dragon (D:8)
  2 acid dragons
  10 water moccasins
  5 black bears
  An ice beast (D:5)
  3 orc warriors
  2 ogres
  4 wolves (Lair:2)
  2 centaurs (D:9)
  2 kobold brigands
  4 bullfrogs
  A necrophage (D:4)
  5 scorpions
  A gnoll sergeant (D:9)
  9 wights
  4 killer bees (D:9)
  An electric eel (Lair:1)
  2 howler monkeys (D:7)
  6 jellies
  4 hounds
  5 orc priests
  A gnoll shaman (D:8)
  Jessica (D:2)
  5 iguanas
  5 orc wizards
  Natasha (thrice) (D:2)
  8 gnolls
  9 adders
  3 shadow imps
  A white imp (D:7)
  A worm (D:2)
  3 dart slugs
  41 orcs
  6 bats
  5 endoplasms
  2 giant cockroaches (D:1)
  10 goblins
  7 hobgoblins
  8 jackals
  12 kobolds
  5 quokkas
  12 ball pythons
  7 frilled lizards
  11 rats
274 creatures vanquished.

Vanquished Creatures (others)
  A bush (D:9)
  63 fungi
  66 plants
130 creatures vanquished.

Grand Total: 404 creatures vanquished

Table legend:
 A = Non-vault XP
 B = Vault XP
 C = Vault XP percentage of total XP
 D = Non-vault monster count
 E = Vault monster count
 F = Vault count percentage of total count
                 A         B        C        D         E       F
            +---------+---------+-------+---------+---------+-------
      Total |   16018 |    3267 |  16.9 |     234 |      40 |  14.6
            +---------+---------+-------+---------+---------+-------
        D:1 |      40 |       2 |   4.8 |      23 |       1 |   4.2
        D:2 |     170 |     110 |  39.3 |      20 |       4 |  16.7
        D:3 |      42 |       2 |   4.5 |      21 |       2 |   8.7
        D:4 |     257 |       0 |   0.0 |      18 |       0 |   0.0
        D:5 |     756 |       0 |   0.0 |      23 |       0 |   0.0
        D:6 |     736 |     272 |  27.0 |      25 |       1 |   3.8
        D:7 |     660 |       8 |   1.2 |      15 |       4 |  21.1
        D:8 |    2332 |       0 |   0.0 |      27 |       0 |   0.0
        D:9 |    1960 |    1068 |  35.3 |      27 |       8 |  22.9
     Lair:1 |    2130 |    1743 |  45.0 |       9 |       7 |  43.8
     Lair:2 |    6935 |       0 |   0.0 |      26 |       0 |   0.0
      Sewer |       0 |      62 | 100.0 |       0 |      13 | 100.0
            +---------+---------+-------+---------+---------+-------

Illustrated notes

Table legend:
 A = Kills in this place as a percentage of kills in entire the game.
 B = Kills by you in this place as a percentage of kills by you in the entire game.
 C = Kills by friends in this place as a percentage of kills by friends in the entire game.
 D = Other kills in this place as a percentage of other kills in the entire game.
 E = Experience gained in this place as a percentage of experience gained in the entire game.
 F = Experience gained in this place divided by the number of levels of this place that you have seen.
                   A       B       C       D       E      F
               +-------+-------+-------+-------+-------+----------------------
         Total | 100.0 | 100.0 |   N/A |   N/A | 100.0 | 1607.1
       Dungeon |  79.9 |  79.9 |   N/A |   N/A |  43.6 | 935.0
          Lair |  15.3 |  15.3 |   N/A |   N/A |  56.0 | 5404.0
         Sewer |   4.7 |   4.7 |   N/A |   N/A |   0.3 |  62.0
               +-------+-------+-------+-------+-------+----------------------

Table legend: (Time is in decaauts)
 A = Elapsed time spent in this place.
 B = Non-inter-level travel time spent in this place.
 C = Inter-level travel time spent in this place.
 D = Time resting spent in this place.
 E = Time spent auto-exploring this place.
 F = Levels seen in this place.
 G = Mean time per level.
                   A        B        C        D        E       F      G
               +--------+--------+--------+--------+--------+-----+--------+
         Total |  19958 |  19368 |    590 |   1900 |  14984 |  12 | 1663.2 |
       Dungeon |  14783 |  14255 |    528 |   1190 |  11210 |   9 | 1642.6 |
          Lair |   4572 |   4510 |     62 |    710 |   3403 |   2 | 2286.0 |
         Sewer |    602 |    602 |      0 |      0 |    370 |   1 |  602.0 |
               +--------+--------+--------+--------+--------+-----+--------+

Top non-repeatable levels by time:
     D:9: 2879 daAuts
     D:8: 2787 daAuts
  Lair:1: 2636 daAuts
     D:3: 2055 daAuts
  Lair:2: 1935 daAuts
     D:2: 1712 daAuts
     D:5: 1274 daAuts
     D:1: 1222 daAuts
     D:7: 1028 daAuts
     D:6: 1013 daAuts
     D:4: 810 daAuts
   Sewer: 602 daAuts
